 Dungeon Crawl Stone Soup version 0.31-a0-234-gad7ace16ef (webtiles) character file.

Game seed: 12385698589179100534

102 qw the Shooter (level 4, -1/36 HPs)
             Began as a Minotaur Hexslinger on July 9, 2023.
             Was an Initiate of Okawaru.
             Slain by Eustachio
             ... wielding a +0 rapier
              (2 damage)
             ... on level 3 of the Dungeon.
             The game lasted 00:00:42 (2430 turns).

qw the Shooter (Minotaur Hexslinger)                Turns: 2430, Time: 00:00:42

Health: -1/36      AC:  5    Str: 23    XL:     4   Next: 50%
Magic:  4/4        EV: 12    Int:  9    God:    Okawaru [......]
Gold:   104        SH:  0    Dex: 13    Spells: 4/5 levels left

rFire   . . .        h - +1 sling (heavy)
rCold   + . .        (no shield)
rNeg    + . .        g - +2 robe {rN+}
rPois   .            (helmet restricted)
rElec   .            (no cloak)
rCorr   .            j - +0 pair of gloves
SInv    .            (no boots)
Will    .....        c - amulet of faith
Stlth   +            i - +6 ring of strength
HPRegen 0.26/turn    (no ring)
MPRegen 0.09/turn

%: faith
@: no status effects
A: horns 2, retaliatory headbutt, cold resistance 1, strong 1, MP-powered wands
a: Renounce Religion


You were on level 3 of the Dungeon.
You worshipped Okawaru.
Okawaru was noncommittal.
You visited 1 branch of the dungeon, and saw 4 of its levels.

You collected 163 gold pieces.
You spent 59 gold pieces at shops.


Innate Abilities, Weirdness & Mutations

You have a pair of horns on your head.
You reflexively headbutt those who attack you in melee.
Your flesh is cold resistant. (rC+)
Your muscles are strong. (Str +4, Int/Dex -1)
You expend magic power (3 MP) to strengthen your wands.


   Skills:
 + Level 2.2 Fighting
 - Level 5.0 Ranged Weapons
 - Level 2.1 Dodging
 - Level 1.0 Spellcasting
 - Level 2.0 Hexes


You had 4 spell levels left.
You knew the following spells:

 Your Spells              Type           Power      Damage    Failure   Level
a - Slow                  Hex            16%        N/A       16%         1

Your spell library contained the following spells:

 Spells                   Type           Power      Damage    Failure   Level
 Inner Flame              Hex/Fire       2%         N/A       58%         3
 Portal Projectile        Hex/Tloc       4%         N/A       58%         3
 Cause Fear               Hex            2%         N/A       85%         4

Inventory:

Hand Weapons
 h - a +1 heavy sling (weapon)
Armour
 g - a +2 robe of positive energy (worn)
 j - a +0 pair of gloves (worn)
Jewellery
 c - an amulet of faith (around neck)
 i - a +6 ring of strength (left hand)
Scrolls
 l - a scroll of identify
Potions
 a - a potion of mutation
 b - a potion of haste
 d - a potion of attraction {unknown}
 e - 3 potions of curing
 f - a potion of heal wounds {unknown}
 k - a potion of enlightenment {unknown}
 m - a potion of degeneration {unknown}

Dungeon Overview and Level Annotations

Branches:
Dungeon (4/15)
 Temple: D:4-7

Altars:
Okawaru

Shops:
D:2 [((

Annotations:
D:3 1 runed translucent door, Crazy Yiuf, Eustachio
D:4 Natasha


Message History

You climb upwards.
The rat disappears in a puff of smoke!
The quokka disappears in a puff of smoke!
Level annotation: 1 runed translucent door, Crazy Yiuf
There is a stone staircase leading down here.
You shoot a sling bullet.
The sling bullet closely misses Eustachio.
Eustachio hits you with a +0 rapier.
Eustachio casts a spell.
Eustachio blinks!
You shoot a sling bullet. The sling bullet hits Eustachio!
Eustachio is moderately wounded.
Eustachio casts a spell.
You shoot a sling bullet. The sling bullet hits the rat!
You kill the rat!
The rat's corpse disappears in a puff of smoke!
Eustachio casts a spell.
Eustachio blinks!
Eustachio barely misses you.
You shoot a sling bullet.
The sling bullet barely misses Eustachio.
Eustachio casts a spell.
Eustachio blinks!
You shoot a sling bullet.
The sling bullet barely misses the river rat.
Eustachio says, "My allies will avenge me."
You shoot a sling bullet. The sling bullet hits the river rat.
The river rat is heavily wounded.
You shoot a sling bullet.
The sling bullet barely misses the river rat.
The river rat bites you but does no damage.
Eustachio hits you with a +0 rapier! The river rat barely misses you.
You shoot a sling bullet.
The sling bullet barely misses the river rat.
Eustachio hits you with a +0 rapier. The river rat closely misses you.
You furiously retaliate!
You headbutt the river rat. Eustachio hits you with a +0 rapier.
The river rat bites you.
You shoot a sling bullet.
The sling bullet closely misses the river rat.
Eustachio hits you with a +0 rapier. The river rat bites you.
Eustachio hits you with a +0 rapier.
You die...

#...+.7777......# #)..#77
77.....# ### 77##..# #.##
#.# ### #.# #.# #.#
#################.#######.#
...............r@@........#
###########################


You could see Eustachio and a river rat (summoned).

Vanquished Creatures
  Robin (D:2)
  A gnoll (D:3)
  2 adders (D:2)
  4 worms
  2 orcs
  3 ball pythons
  4 bats
  An endoplasm (D:1)
  3 hobgoblins
  5 kobolds
  2 quokkas
  A frilled lizard (D:2)
  17 goblins
  3 rats
49 creatures vanquished.

Notes
Turn   | Place    | Note
-------+----------+-------------------------------------------
     0 | D:1      | qw the Minotaur Hexslinger began the quest for the Orb.
     0 | D:1      | Reached XP level 1. HP: 16/16 MP: 1/1
     0 | D:1      | 0 ||| qw: Version: 0.3-a-51-g015441d
     0 | D:1      | 0 ||| qw: Game counter: 4111
     0 | D:1      | 0 ||| qw: Melee chars always use a shield: true
     0 | D:1      | 0 ||| qw: God list: Okawaru
     0 | D:1      | 0 ||| qw: Allow faded altars: false
     0 | D:1      | 0 ||| qw: Do Orc after clearing Dungeon:15 true
     0 | D:1      | 0 ||| qw: Do second Lair branch before Depths: true
     0 | D:1      | 0 ||| qw: Lair rune preference: random
     0 | D:1      | 0 ||| qw: Goals: Normal
     0 | D:1      | 0 ||| PLANNING D:1-11
    31 | D:1      | Found a faded altar of an unknown god.
   342 | D:1      | Reached skill level 3 in Ranged Weapons
   351 | D:1      | Reached XP level 2. HP: 23/23 MP: 2/2
   660 | D:1      | 660 ||| UPGRADING to +0 leather armour.
   670 | D:1      | 670 ||| DROPPING +0 robe.
   671 | D:1      | 671 ||| UPGRADING to +6 ring of strength.
   672 | D:1      | 672 ||| READING 2 scrolls labelled POWNIS TUUMI.
   673 | D:1      | 673 ||| READING scroll labelled WAROFE HOCKU.
   674 | D:1      | 674 ||| READING scroll labelled GAOXTI TIHUFAT.
   675 | D:1      | 675 ||| READING scroll labelled COPOZUERAA.
   676 | D:1      | 676 ||| DRINKING 3 yellow potions.
   677 | D:1      | 677 ||| DROPPING scroll of fog.
   678 | D:1      | 678 ||| DROPPING scroll of poison.
   717 | D:2      | Found an iron altar of Okawaru.
   718 | D:2      | 718 ||| PLANNING OKAWARU WORSHIP
   725 | D:2      | Became a worshipper of Warmaster Okawaru
   726 | D:2      | 726 ||| PLANNING D:1-11
   765 | D:2      | Noticed Robin
   767 | D:2      | Killed Robin
   768 | D:2      | Reached XP level 3. HP: 29/29 MP: 3/3
   830 | D:2      | Found Vaokuw's Weapon Emporium.
   861 | D:2      | Found Deif's Weapon Shoppe.
   964 | D:2      | Reached skill level 4 in Ranged Weapons
  1340 | D:2      | Found Liemp's Antique Armour Emporium.
  1343 | D:2      | 1343 ||| BUYING embroidered robe (59 gold).
  1343 | D:2      | Bought an embroidered robe for 59 gold pieces
  1343 | D:2      | 1343 ||| SHOPLISTING pair of boots (72 gold, have 71).
  1343 | D:2      | 1343 ||| SHOPLISTING pair of gloves (72 gold, have 71).
  1343 | D:2      | 1343 ||| SHOPLISTING runed ring mail (112 gold, have 71).
  1343 | D:2      | 1343 ||| SHOPLISTING shiny ring mail (112 gold, have 71).
  1522 | D:2      | Reached XP level 4. HP: 36/36 MP: 4/4
  1607 | D:2      | 1607 ||| UPGRADING to +2 robe of positive energy.
  1617 | D:2      | 1617 ||| UPGRADING to +0 pair of gloves.
  1622 | D:2      | 1622 ||| DROPPING +0 leather armour.
  1623 | D:2      | 1623 ||| UPGRADING to amulet of faith.
  1628 | D:2      | 1628 ||| READING scroll labelled MAADYSEWAJ.
  1845 | D:3      | Reached skill level 5 in Ranged Weapons
  2109 | D:3      | Found a runed translucent door.
  2110 | D:3      | Noticed Crazy Yiuf
  2385 | D:3      | 2385 ||| DRINKING 2 sedimented orange potions.
  2385 | D:3      | Gained mutation: You expend magic power (3 MP) to
                  | strengthen your wands. [potion of mutation]
  2385 | D:3      | Gained mutation: Your muscles are strong. (Str +4, Int/Dex
                  | -1) [potion of mutation]
  2385 | D:3      | Gained mutation: Your flesh is cold resistant. (rC+)
                  | [potion of mutation]
  2386 | D:3      | 2386 ||| READING 2 scrolls of identify.
  2386 | D:3      | 2386 ||| IDENTIFYING bubbling purple potion
  2411 | D:4      | Noticed Eustachio
  2416 | D:4      | Noticed Natasha
  2420 | D:4      | 2420 ||| STAIRDANCE
  2429 | D:3      | HP: 8/36 [river rat[Eustachio] (3)]
  2430 | D:3      | HP: 1/36 [river rat[Eustachio] (5)]
  2430 | D:3      | Slain by Eustachio

Levels and vault maps discovered:
D:1:      dpeg_arrival_houses_and_road, layout_basic,
          hellmonk_ecumenical_altar_run_dry
D:2:      layout_loops_corners, serial_shops, nicolae_shop_window_shopping,
          nicolae_shop_tiny_real_fake_doors, shop, basic_altar, uniq_robin
D:3:      minmay_recursive_quarters, layout_rooms, uniq_crazy_yiuf_cottage
D:4:      layout_rooms, minmay_temple_entry_mist, nicolae_stop_n_shop_1,
          kennysheep_generic_room_6, uniq_menkaure, uniq_natasha, uniq_eustachio

Skill      XL: |  1  2  3  4 |
---------------+-------------+-----
Ranged Weapons | 3 4 5 |  5.0
Fighting       | 2 |  2.2
Dodging        | |  2.1
Spellcasting   | |  1.0
Hexes          | |  2.0

Action                     |  1- 3 |  4- 6 || total
---------------------------+-------+-------++-------
   Fire: Sling             |    87 |    48 ||   135
    Use: Scroll            |     4 |     2 ||     6
         Potion            |     1 |     1 ||     2
 Armour: Robe              |     3 |    11 ||    14
         Leather armour    |     8 |     2 ||    10
  Dodge: Dodged            |    32 |    18 ||    50

Table legend:
 A = Non-vault XP
 B = Vault XP
 C = Vault XP percentage of total XP
 D = Non-vault monster count
 E = Vault monster count
 F = Vault count percentage of total count
                 A         B        C        D         E       F
            +---------+---------+-------+---------+---------+-------
      Total |      89 |      58 |  39.5 |      31 |      18 |  36.7
            +---------+---------+-------+---------+---------+-------
        D:1 |      15 |       0 |   0.0 |      10 |       0 |   0.0
        D:2 |      55 |      35 |  38.9 |      13 |      12 |  48.0
        D:3 |      16 |      23 |  59.0 |       7 |       6 |  46.2
        D:4 |       3 |       0 |   0.0 |       1 |       0 |   0.0
            +---------+---------+-------+---------+---------+-------
